 Dungeon Crawl Stone Soup version 0.26-a0-597-gb535b0901c (webtiles) character file.

Game seed: 941866192479425572

11874 graki42 the Nimble (level 11, -3/86 HPs)
             Began as a Gnoll Gladiator on Aug 26, 2020.
             Was a Follower of Makhleb.
             Killed from afar by a gargoyle (20 damage)
             ... with a stone arrow
             ... in a Gauntlet.
             The game lasted 00:30:09 (12862 turns).

graki42 the Nimble (Gnoll Gladiator)               Turns: 12862, Time: 00:30:10

Health: -3/86      AC: 15    Str: 16    XL:     11   Next: 84%
Magic:  21/21      EV: 18    Int: 14    God:    Makhleb [*.....]
Gold:   832        SH:  5    Dex: 17    Spells: 23/23 levels left

rFire    . . .     SeeInvis .   a - +1 quarterstaff
rCold    . . .     Faith    .   (shield currently unavailable)
rNeg     . . .     Spirit   .   b - +0 leather armour
rPois    .         Reflect  +   s - +1 helmet
rElec    .         Harm     .   n - +1 cloak
rCorr    .         NoTele   +   l - +2 pair of gloves
MR       +....                  (no boots)
Stlth    +++.......             J - amulet of reflection
HPRegen  0.24/turn              h - ring of protection from magic
MPRegen  0.17/turn              m - +4 ring of protection

@: no status effects
A: distributed training, fangs 1, strong nose
a: Renounce Religion


You were in a Gauntlet.
You worshipped Makhleb.
Makhleb was aware of your devotion.
You visited 3 branches of the dungeon, and saw 13 of its levels.
You also visited: Sewer and Gauntlet.

You collected 832 gold pieces.

Inventory:

Hand Weapons
 a - a +1 quarterstaff (weapon)
Missiles
 d - 3 throwing nets
 r - 42 poisoned darts (quivered)
 F - 6 silver boomerangs
Armour
 b - a +0 leather armour (worn)
 l - a +2 pair of gloves (worn)
 n - a +1 cloak (worn)
 s - a +1 helmet (worn)
Magical Staves
 x - an uncursed staff of cold
Jewellery
 h - a ring of protection from magic (left hand)
 m - a +4 ring of protection (right hand)
 q - an uncursed ring of protection from fire
 y - an uncursed ring of positive energy
 J - an amulet of reflection (around neck)
Wands
 g - a wand of polymorph (7)
 u - a wand of flame (59)
 A - a wand of paralysis (22)
 B - a wand of digging (5)
 H - a wand of random effects (25)
 I - a wand of acid (5)
Scrolls
 e - 4 scrolls of teleportation
 f - a scroll of enchant weapon
 i - 8 scrolls of identify
 p - 6 scrolls of remove curse
 z - a scroll of fear
 E - 2 scrolls of enchant armour
 G - 2 scrolls of immolation
Potions
 j - 2 potions of mutation
 k - 4 potions of brilliance
 o - a potion of heal wounds
 v - 3 potions of curing
 C - a potion of flight
 D - a potion of stabbing {unknown}


   Skills:
 + Level 8.2 Fighting
 + Level 6.6 Short Blades
 + Level 6.6 Long Blades
 + Level 6.6 Axes
 + Level 6.6 Maces & Flails
 + Level 6.6 Polearms
 + Level 9.4 Staves
 + Level 6.6 Slings
 + Level 6.6 Bows
 + Level 6.6 Crossbows
 + Level 8.2 Throwing
 + Level 6.6 Armour
 + Level 9.4 Dodging
 + Level 6.6 Stealth
 + Level 6.6 Shields
 + Level 6.6 Unarmed Combat
 + Level 6.6 Spellcasting
 + Level 5.5 Conjurations
 + Level 5.5 Hexes
 + Level 5.5 Summonings
 + Level 5.5 Necromancy
 + Level 5.5 Translocations
 + Level 5.5 Transmutations
 + Level 5.5 Fire Magic
 + Level 5.5 Ice Magic
 + Level 5.5 Air Magic
 + Level 5.5 Earth Magic
 + Level 5.5 Poison Magic
 + Level 7.3 Invocations
 + Level 6.6 Evocations


You had 23 spell levels left.
You didn't know any spells.
Your spell library was empty.

Dungeon Overview and Level Annotations

Branches:
Dungeon (9/15)             Temple (1/1) D:7            Lair (3/6) D:8
 Shoals (0/4) Lair:2       Spider (0/4) Lair:3        Sewer (visited)
Gauntlet (1/1)
    Orc: D:9-12

Altars:
Dithmenos
Elyvilon
Fedhas
Gozag
Kikubaaqudgha
Makhleb
Ru
Sif Muna
Trog
Uskayaw
Vehumet
Xom
Zin
The Shining One

Annotations:
Lair:2 1 runed translucent door, viperstalker's ghost, journeyman PaFi Gauntlet 2 transporters


Innate Abilities, Weirdness & Mutations

Your experience applies equally to all skills.
You have very sharp teeth.
Your uncanny sense of smell can sniff out nearby items.


Message History

The catoblepas is almost dead.
You thump the catoblepas!
You kill the catoblepas!
Makhleb accepts your kill.
Okay, then.
You hit the gargoyle but do no damage. The gargoyle closely misses you.
You hit the gargoyle but do no damage. The gargoyle barely misses you.
You barely miss the gargoyle.
You bite the gargoyle, but do no damage.
You hit the gargoyle but do no damage. Your bite misses the gargoyle.
The gargoyle misses you.
You barely miss the gargoyle.
The gargoyle hits you but does no damage.
You hit the gargoyle.
The gargoyle is lightly damaged.
You hit the gargoyle but do no damage.
The gargoyle is lightly damaged.
The gargoyle hurls a stone arrow at you.
The stone arrow hits you!!
You die...

.............≈#
...#########.##
.8.#.. ....#.≈##
...#[.####.#.≈≈#
#.§.#.#.≈# .
#§Y9#.#©##
8.#∆#..§#.#..##
...#.####9.#...##
.8.#....@.(#.∩.≈#
...#########...≈≈#
.8.#.........8.≈≈≈#
...#########...≈≈##
.8.#....355#.∩.≈##
..#(...#5.#...##
8.#...###.#..##
.©#©.# ..#©##


You could see a sixfirhy, a gargoyle and 3 ufetubi.

Vanquished Creatures
  Harold (D:7)
  A two-headed ogre (D:9)
  A catoblepas (Gauntlet)
  2 elephants
  5 cane toads
  3 komodo dragons
  2 polar bears (Lair:2)
  4 hippogriffs
  A wyvern (Lair:2)
  A steam dragon (D:9)
  9 yaks
  A basilisk (D:7)
  Menkaure (D:7)
  3 water moccasins
  An ice beast (D:7)
  5 porcupines
  An orc warrior (D:7)
  2 black bears
  A necrophage (D:6)
  An ogre (D:7)
  3 wolves (Lair:2)
  3 centaurs
  6 crocodiles
  14 bullfrogs
  2 scorpions (D:5)
  A howler monkey (D:6)
  A bullfrog zombie (D:5)
  A jelly (D:6)
  3 orc priests
  2 hounds
  4 iguanas
  3 orc wizards
  3 worker ants
  2 worker ant zombies (D:5)
  4 gnolls (D:5)
  12 adders
  3 shadow imps
  A white imp (D:6)
  2 oozes
  2 adder zombies (D:6)
  3 adder skeletons
  4 worms
  A dart slug (D:1)
  5 leopard geckos
  16 orcs
  2 ball pythons
  7 giant cockroaches
  12 goblins
  9 hobgoblins
  8 jackals
  5 quokkas
  8 bats
  7 frilled lizards
  A jackal zombie (D:5)
  11 kobolds
  7 rats
224 creatures vanquished.

Vanquished Creatures (others)
  8 fungi
  22 plants
30 creatures vanquished.

Grand Total: 254 creatures vanquished

Notes
Turn   | Place    | Note
-------+----------+-------------------------------------------
     0 | D:1      | graki42 the Gnoll Gladiator began the quest for the Orb.
     0 | D:1      | Reached XP level 1. HP: 20/20 MP: 1/1
   167 | D:1      | Reached XP level 2. HP: 23/26 MP: 2/2
   808 | D:1      | Reached XP level 3. HP: 31/31 MP: 3/3
   996 | D:2      | Reached skill level 1 in Invocations
  1132 | D:1      | Reached skill level 1 in Short Blades
  1132 | D:1      | Reached skill level 1 in Long Blades
  1132 | D:1      | Reached skill level 1 in Axes
  1132 | D:1      | Reached skill level 1 in Maces & Flails
  1132 | D:1      | Reached skill level 1 in Polearms
  1132 | D:1      | Reached skill level 1 in Slings
  1132 | D:1      | Reached skill level 1 in Bows
  1132 | D:1      | Reached skill level 1 in Crossbows
  1132 | D:1      | Reached skill level 1 in Armour
  1132 | D:1      | Reached skill level 1 in Stealth
  1132 | D:1      | Reached skill level 1 in Shields
  1132 | D:1      | Reached skill level 1 in Unarmed Combat
  1132 | D:1      | Reached skill level 1 in Spellcasting
  1132 | D:1      | Reached skill level 1 in Evocations
  1427 | D:2      | Found a shimmering blue altar of Sif Muna.
  1434 | D:2      | Reached XP level 4. HP: 38/38 MP: 5/5
  1439 | D:2      | Found an ancient bone altar of Kikubaaqudgha.
  1460 | D:2      | Noticed a centaur
  1474 | D:2      | Killed a centaur
  1474 | D:2      | Reached skill level 1 in Conjurations
  1474 | D:2      | Reached skill level 1 in Hexes
  1474 | D:2      | Reached skill level 1 in Summonings
  1474 | D:2      | Reached skill level 1 in Necromancy
  1474 | D:2      | Reached skill level 1 in Translocations
  1474 | D:2      | Reached skill level 1 in Transmutations
  1474 | D:2      | Reached skill level 1 in Fire Magic
  1474 | D:2      | Reached skill level 1 in Ice Magic
  1474 | D:2      | Reached skill level 1 in Air Magic
  1474 | D:2      | Reached skill level 1 in Earth Magic
  1474 | D:2      | Reached skill level 1 in Poison Magic
  1474 | D:2      | Reached XP level 5. HP: 30/43 MP: 5/7
  2855 | D:4      | Reached XP level 6. HP: 50/50 MP: 8/8
  3014 | D:4      | Found an opulent altar of Gozag.
  3047 | D:4      | Found a glowing drain.
  3081 | Sewer    | Entered a sewer
  3204 | Sewer    | Reached skill level 5 in Fighting
  3204 | Sewer    | Reached skill level 5 in Throwing
  3461 | D:4      | Reached XP level 7. HP: 56/56 MP: 10/10
  4068 | D:5      | Entered Level 5 of the Dungeon
  4271 | D:5      | Found a blossoming altar of Fedhas.
  4456 | D:5      | Found a radiant altar of Vehumet.
  4457 | D:5      | Found a glowing silver altar of Zin.
  4554 | D:5      | Found a shadowy altar of Dithmenos.
  4562 | D:5      | Reached XP level 8. HP: 53/63 MP: 12/12
  5827 | D:7      | Reached XP level 9. HP: 67/68 MP: 14/14
  5946 | D:7      | Noticed Menkaure
  5955 | D:7      | Killed Menkaure
  6485 | D:7      | Noticed Harold
  6499 | D:7      | Killed Harold
  6499 | D:7      | Reached skill level 5 in Invocations
  6522 | D:7      | Found a staircase to the Ecumenical Temple.
  6527 | Temple   | Entered the Ecumenical Temple
  6539 | Temple   | Became a worshipper of Makhleb the Destroyer
  6806 | D:8      | Noticed a two-headed ogre
  6892 | D:8      | Found a staircase to the Lair.
  6918 | D:7      | Reached XP level 10. HP: 27/76 MP: 17/17
  7390 | D:8      | Reached skill level 5 in Short Blades
  7390 | D:8      | Reached skill level 5 in Long Blades
  7390 | D:8      | Reached skill level 5 in Axes
  7390 | D:8      | Reached skill level 5 in Maces & Flails
  7390 | D:8      | Reached skill level 5 in Polearms
  7390 | D:8      | Reached skill level 5 in Slings
  7390 | D:8      | Reached skill level 5 in Bows
  7390 | D:8      | Reached skill level 5 in Crossbows
  7390 | D:8      | Reached skill level 5 in Armour
  7390 | D:8      | Reached skill level 5 in Stealth
  7390 | D:8      | Reached skill level 5 in Shields
  7390 | D:8      | Reached skill level 5 in Unarmed Combat
  7390 | D:8      | Reached skill level 5 in Spellcasting
  7390 | D:8      | Reached skill level 5 in Evocations
  8035 | D:9      | HP: 2/78 [steam dragon/ball of steam (9)]
  8386 | D:9      | Killed a two-headed ogre
  8751 | Lair:1   | Entered Level 1 of the Lair of Beasts
  9401 | Lair:1   | Reached * piety under Makhleb
  9575 | Lair:1   | Noticed a cane toad
  9590 | Lair:1   | Reached XP level 11. HP: 75/83 MP: 19/19
 10362 | Lair:2   | Reached skill level 5 in Conjurations
 10362 | Lair:2   | Reached skill level 5 in Hexes
 10362 | Lair:2   | Reached skill level 5 in Summonings
 10362 | Lair:2   | Reached skill level 5 in Necromancy
 10362 | Lair:2   | Reached skill level 5 in Translocations
 10362 | Lair:2   | Reached skill level 5 in Transmutations
 10362 | Lair:2   | Reached skill level 5 in Fire Magic
 10362 | Lair:2   | Reached skill level 5 in Ice Magic
 10362 | Lair:2   | Reached skill level 5 in Air Magic
 10362 | Lair:2   | Reached skill level 5 in Earth Magic
 10362 | Lair:2   | Reached skill level 5 in Poison Magic
 10539 | Lair:2   | Found a staircase to the Shoals.
 11673 | Lair:2   | Found a runed translucent door.
 11673 | Lair:2   | Noticed an eight-headed hydra
 11673 | Lair:2   | Noticed viperstalker's ghost (journeyman PaFi)
 12500 | Lair:3   | Found a hole to the Spider Nest.
 12589 | Lair:3   | Found a gate leading to a gauntlet.
 12596 | Gauntlet | Entered a Gauntlet
 12596 | Gauntlet | Found a transporter.
 12596 | Gauntlet | Found a transporter.
 12607 | Gauntlet | Noticed a sixfirhy
 12627 | Gauntlet | Noticed a catoblepas
 12836 | Gauntlet | Found a transporter.
 12855 | Gauntlet | Killed a catoblepas
 12862 | Gauntlet | Killed from afar by a gargoyle

Illustrated notes

Levels and vault maps discovered:
D:1:      tarquinn_simple_flora_water_a, layout_basic,
          wander_ebering_terrifying_dragon_lair
D:2:      layout_basic, gammafunk_temple_overflow_pools
D:3:      layout_loops_ring
D:4:      cheibrodos_pilgrimage, layout_loops_corners,
          cheibrodos_sewer_entry_bend, nicolae_gozag_seed_capital
D:5:      layout_basic, nicolae_dithmenos_shadow_blocks, minitemple,
          lemuel_coloured_pillars_altar
D:6:      layout_basic, minmay_diced_spiral
D:7:      layout_basic, minmay_temple_entry_statues_pillars, uniq_menkaure,
          uniq_harold
D:8:      layout_basic, minmay_lair_entry_grove
D:9:      layout_roguey, david_orc_4, serial_shops, shop,
          minmay_misc_feat_plants, chequers_serial_rivers_small_b,
          chequers_serial_rivers_small_3
Temple:   eino_temple_rhombus
Lair:1:   layout_roguey
Lair:2:   layout_chaotic_city, shoals_dummy_entry, ebering_ghost_inner_flame,
          beast_lair_carwin_3
Lair:3:   layout_loops_ring, dummy_spider_entry, gauntlet_entry_generic,
          minivault_11, serial_bayou_pond_e, lemuel_fruit_tree
Gauntlet: minmay_gauntlet_77_indecision [minmay_gauntlet_arena_77_box,
          minmay_gauntlet_arena_77_double_cross,
          minmay_gauntlet_arena_77_radiant_squares,
          minmay_gauntlet_arena_77_mirror, minmay_gauntlet_arena_77_fan,
          minmay_gauntlet_arena_77_two_paths, gauntlet_exit_green]

Skill      XL: |  1  2  3  4  5  6  7  8  9 10 11 |
---------------+----------------------------------+-----
Invocations    | 1 2 3 4 5 6 7 |  7.3
Short Blades   | 1 2 3 4 5 6 |  6.6
Long Blades    | 1 2 3 4 5 6 |  6.6
Axes           | 1 2 3 4 5 6 |  6.6
Maces & Flails | 1 2 3 4 5 6 |  6.6
Polearms       | 1 2 3 4 5 6 |  6.6
Slings         | 1 2 3 4 5 6 |  6.6
Bows           | 1 2 3 4 5 6 |  6.6
Crossbows      | 1 2 3 4 5 6 |  6.6
Armour         | 1 2 3 4 5 6 |  6.6
Stealth        | 1 2 3 4 5 6 |  6.6
Shields        | 1 2 3 4 5 6 |  6.6
Unarmed Combat | 1 2 3 4 5 6 |  6.6
Spellcasting   | 1 2 3 4 5 6 |  6.6
Evocations     | 1 2 3 4 5 6 |  6.6
Conjurations   | 1 2 3 4 5 |  5.5
Hexes          | 1 2 3 4 5 |  5.5
Summonings     | 1 2 3 4 5 |  5.5
Necromancy     | 1 2 3 4 5 |  5.5
Translocations | 1 2 3 4 5 |  5.5
Transmutations | 1 2 3 4 5 |  5.5
Fire Magic     | 1 2 3 4 5 |  5.5
Ice Magic      | 1 2 3 4 5 |  5.5
Air Magic      | 1 2 3 4 5 |  5.5
Earth Magic    | 1 2 3 4 5 |  5.5
Poison Magic   | 1 2 3 4 5 |  5.5
Fighting       | 5 6 7 8 |  8.2
Throwing       | 5 6 7 8 |  8.2
Staves         | 7 8 9 |  9.4
Dodging        | 7 8 9 |  9.4

Action                   |  1- 3 |  4- 6 |  7- 9 | 10-12 || total
-------------------------+-------+-------+-------+-------++-------
Melee: Quarterstaff      |   108 |   142 |   372 |   587 ||  1209
       Bite              |     7 |    20 |    46 |   101 ||   174
       Staff             |       |    32 |       |       ||    32
       Punch             |       |     1 |       |       ||     1
Throw: Dart              |       |       |     1 |     3 ||     4
  Use: Scroll            |       |     8 |     2 |     6 ||    16
       Potion            |       |     4 |     1 |     4 ||     9
 Stab: Sleeping          |     3 |     4 |     6 |     2 ||    15
       Invisible         |       |       |       |     4 ||     4
       Distracted        |       |       |       |     2 ||     2
Armor: Leather armour    |    18 |    49 |   103 |   142 ||   312
Dodge: Dodged            |   102 |   140 |   249 |   462 ||   953
Block: Other             |       |       |       |    29 ||    29

Table legend: (Time is in decaauts)
 A = Elapsed time spent in this place.
 B = Non-inter-level travel time spent in this place.
 C = Inter-level travel time spent in this place.
 D = Time resting spent in this place.
 E = Time spent auto-exploring this place.
 F = Levels seen in this place.
 G = Mean time per level.
                   A        B        C        D        E       F      G
               +--------+--------+--------+--------+--------+-----+--------+
         Total |  12777 |  12454 |    323 |   3212 |   6672 |  15 |  851.8 |
       Dungeon |   8573 |   8280 |    293 |   1443 |   5146 |   9 |  952.6 |
        Temple |     23 |     12 |     11 |      0 |      4 |   1 |   23.0 |
          Lair |   3715 |   3696 |     19 |   1569 |   1396 |   3 | 1238.3 |
         Sewer |    206 |    206 |      0 |      0 |    126 |   1 |  206.0 |
      Gauntlet |    258 |    258 |      0 |    200 |      0 |   1 |  258.0 |
               +--------+--------+--------+--------+--------+-----+--------+

Top non-repeatable levels by time:
     D:7: 1890 daAuts
  Lair:1: 1858 daAuts
  Lair:2: 1578 daAuts
     D:1: 1150 daAuts
     D:4: 1069 daAuts
     D:2: 840 daAuts
     D:6: 815 daAuts
     D:3: 808 daAuts
     D:5: 745 daAuts
     D:8: 695 daAuts
     D:9: 559 daAuts
  Lair:3: 278 daAuts
Gauntlet: 258 daAuts
   Sewer: 206 daAuts
  Temple: 23 daAuts
